 Dungeon Crawl Stone Soup version 0.28-a0-407-g69098e2f6d (webtiles) character file.

Game seed: 17095437345483730462

3659 mg7810 the Sneak (level 9, -4/66 HPs)
             Began as a Grey Draconian Delver on Sept 5, 2021.
             Was a Believer of Hepliaklqana.
             Slain by an orc warrior (17 damage)
             ... on level 8 of the Dungeon.
             The game lasted 00:27:12 (7816 turns).

mg7810 the Sneak (Grey Draconian Delver)            Turns: 7816, Time: 00:27:13

Health: -4/66      AC: 14    Str: 22    XL:     9   Next: 89%
Magic:  12/12      EV: 10    Int: 12    God:    Hepliaklqana [**....]
Gold:   239        SH: 12    Dex: 12    Spells: 10/10 levels left

rFire   . . .      SeeInvis +   h - +11 mace of Unreason {vorpal, rElec rPois rN+ Str+4 Int-5}
rCold   . . .      Faith    .   E - +0 kite shield
rNeg    + . .      Spirit   .   (armour unavailable)
rPois   +          Reflect  +   A - +1 hat {SInv}
rElec   +          Harm     .   a - scarf {shadows}
rCorr   .          Rampage  .   (no gloves)
Will    .....                   r - +0 pair of boots
Stlth   +++.......              B - amulet of reflection
HPRegen 0.21/turn               k - +6 ring of intelligence
MPRegen 0.13/turn               (no ring)

@: no status effects
A: reduced essence, AC +12, amphibious, unfitting armour, cold-blooded
a: Renounce Religion, Recall Ancestor, Ancestor Identity


You were on level 8 of the Dungeon.
You worshipped Hepliaklqana.
Hepliaklqana was pleased with you.
You visited 2 branches of the dungeon, and saw 9 of its levels.

You collected 421 gold pieces.
You spent 182 gold pieces at shops.

Inventory:

Hand Weapons
 h - the +11 mace of Unreason (weapon) {vorpal, rElec rPois rN+ Str+4 Int-5}
   (You took it off a hobgoblin on level 4 of the Dungeon)

   It inflicts extra damage upon your enemies.
   Str:       It affects your strength (+4).
   Int:       It affects your intelligence (-5).
   rElec:     It insulates you from electricity.
   rPois:     It protects you from poison.
   rN:        It protects you from negative energy.
 y - a +4 spear of freezing
Missiles
 w - 17 boomerangs (quivered)
 x - a curare-tipped dart
 F - 37 poisoned darts
Armour
 a - a scarf of shadows (worn)
 r - a +0 pair of boots (worn)
 A - a +1 hat of see invisible (worn)
 E - a +0 kite shield (worn)
Magical Staves
 j - a staff of earth
Jewellery
 k - a +6 ring of intelligence (left hand)
 B - an amulet of reflection (around neck)
Wands
 f - a wand of digging (7)
 g - a wand of iceblast (9)
 o - a wand of flame (21)
 u - a wand of mindburst (20)
Scrolls
 b - 6 scrolls of fog
 c - 2 scrolls of magic mapping
 d - 3 scrolls of fear
 q - a scroll of holy word {unknown}
 s - 2 scrolls of vulnerability {unknown}
 v - a scroll of enchant armour {unknown}
 z - 3 scrolls of teleportation {unknown}
Potions
 e - 2 potions of haste
 i - 2 potions of might
 l - a potion of berserk rage
 m - 2 potions of curing
 n - 2 potions of lignification
 p - a potion of heal wounds
 t - 2 potions of brilliance {unknown}
 C - a potion of resistance {unknown}
 D - a potion of magic {unknown}
 G - a potion of cancellation {unknown}


   Skills:
 + Level 5.4 Fighting
 + Level 4.0(5.7) Axes
 + Level 6.2(6.8) Maces & Flails
 + Level 3.6 Throwing
 + Level 4.5 Dodging
 + Level 6.9 Stealth
 + Level 1.2 Shields
 + Level 3.4 Unarmed Combat
 + Level 1.2 Spellcasting
 * Level 4.4 Invocations
 * Level 5.1 Evocations


You had 10 spell levels left.
You didn't know any spells.
Your spell library contained the following spells:

 Spells                   Type           Power      Damage    Failure   Level
 Beastly Appendage        Tmut           0%         N/A       87%         1
 Corona                   Hex            0%         N/A       87%         1
 Ensorcelled Hibernation  Hex/Ice        0%         N/A       95%         2
 Wereblood                Tmut           0%         N/A       95%         2
 Conjure Flame            Conj/Fire      0%         6-21      99%         3
 Ignite Poison            Fire/Tmut/Pois 0%         N/A       99%         3
 Spider Form              Tmut/Pois      0%         N/A       99%         3
 Tukima's Dance           Hex            0%         N/A       99%         3
 Sticky Flame             Conj/Fire      0%         2d3       100%        4


Dungeon Overview and Level Annotations

Branches:
Dungeon (8/15)             Temple (1/1) D:4
   Lair: D:8-11

Altars:
Elyvilon
Gozag
Hepliaklqana
Kikubaaqudgha
Nemelex Xobeh
Okawaru
Qazlal
Ru
Sif Muna
Vehumet
Xom
Zin

Shops:
D:2 *   D:3 *

Annotations:
D:3 2 transporters, dracfodder's ghost, amateur GrBe


Innate Abilities, Weirdness & Mutations

Your life essence is reduced to manifest your ancestor. (-10% HP)
Your dull iron-grey scales are very hard. (AC +12)
You are amphibious.
You cannot fit into any form of body armour.
You are cold-blooded and may be slowed by cold attacks.


Message History

The orc warrior hits Caesarion with a +0 battleaxe!!
Caesarion is destroyed!
You hit the orc warrior but do no damage.
The orc warrior is lightly wounded.
The orc barely misses you. You block the orc's attack.
The orc warrior hits you but does no damage.
You block the orc's attack. x2
You closely miss the orc warrior.
The orc warrior is lightly wounded.
The orc warrior closely misses you. You block the orc's attack. x2
The orc warrior hits you but does no damage.
You bludgeon the orc!!
You kill the orc!
The orc hits you but does no damage.
The orc warrior hits you with a +0 battleaxe!
You sock the orc priest!
The orc priest is severely wounded.
You block the orc's attack. You block the orc priest's attack.
You block the orc warrior's attack. The orc misses you.
The orc priest hits you with a +0 mace. The orc warrior completely misses you.
You barely miss the orc priest. You tail-slap the orc priest.
The orc priest is almost dead.
The orc misses you. The orc priest hits you with a +0 mace.
* * * LOW HITPOINT WARNING * * *
You block the orc warrior's attack.
You sock the orc priest!
You kill the orc priest!
You block the orc's attack. You block the orc warrior's attack.
The orc misses you.
You closely miss the orc warrior.
The orc warrior is lightly wounded.
The orc warrior barely misses you. The orc closely misses you.
The orc warrior hits you with a +0 battleaxe.
* * * LOW HITPOINT WARNING * * *
You sock the orc warrior!
The orc warrior is heavily wounded.
The orc hits you with a +0 flail.
* * * LOW HITPOINT WARNING * * *
The orc warrior hits you with a +0 battleaxe!
You die...

........##..#....
...##..##..#####
#######'###...#
+....##..##...#
#.........#...#
#........##..##
#........#####
#'#####...#
#@o..##...#
#)o...+...#
#....######
#.!..# #....#
#....+ #....#


You could see an orc warrior and an orc.

Vanquished Creatures
  A troll (D:6)
  Prince Ribbit (D:6)
  Eustachio (D:6)
  A yak (D:4)
  2 water moccasins
  An orc warrior (D:6)
  3 ice beasts
  A black bear (D:5)
  A necrophage (D:7)
  5 ogres
  2 kobold brigands
  2 bullfrogs
  2 scorpions
  A water moccasin skeleton (D:6)
  5 wights (D:7)
  2 howler monkeys
  2 bullfrog zombies
  2 centaur zombies (D:7)
  6 hounds
  A bullfrog skeleton (D:4)
  A gnoll shaman (D:4)
  4 orc priests
  A jelly (D:6)
  A centaur skeleton (D:4)
  2 iguanas (D:6)
  4 orc wizards
  A killer bee zombie (D:6)
  2 hound skeletons (D:5)
  2 howler monkey zombies
  9 adders
  A white imp (D:8)
  An ufetubus (D:5)
  An adder skeleton (D:4)
  A worm (D:2)
  4 dart slugs
  19 orcs
  11 ball pythons
  3 bats
  6 endoplasms
  A giant cockroach (D:4)
  8 goblins
  9 hobgoblins
  4 quokkas
  3 frilled lizards
  15 kobolds
  3 rats (D:1)
159 creatures vanquished.

Vanquished Creatures (collateral kills)
  A necrophage (D:6)
  A howler monkey (D:7)
  An orc (D:7)
  3 kobolds
6 creatures vanquished.

Vanquished Creatures (others)
  2 ancestors
  A battlemage (D:8)
  3 plants
6 creatures vanquished.

Grand Total: 171 creatures vanquished

Notes
Turn   | Place    | Note
-------+----------+-------------------------------------------
     0 | D:5      | mg7810 the Draconian Delver began the quest for the Orb.
     0 | D:5      | Reached XP level 1. HP: 19/19 MP: 1/1
   185 | D:3      | Found a transporter.
   188 | D:3      | Noticed dracfodder's ghost (amateur GrBe)
   195 | D:3      | Found a transporter.
   283 | D:2      | Found Zorhunei's Assorted Antiques.
   301 | D:2      | Reached XP level 2. HP: 24/26 MP: 2/2
   507 | D:2      | Reached skill level 1 in Evocations
   571 | D:2      | Found a faded altar of an unknown god.
   653 | D:1      | Reached skill level 5 in Stealth
   679 | D:1      | Reached XP level 3. HP: 31/31 MP: 3/3
  1910 | D:3      | Reached XP level 4. HP: 32/38 MP: 4/4
  2538 | D:3      | Noticed a bullfrog
  2550 | D:3      | Killed a bullfrog
  2551 | D:3      | Reached skill level 1 in Spellcasting
  2551 | D:3      | Reached XP level 5. HP: 24/46 MP: 6/6
  2737 | D:3      | Found a shimmering blue altar of Sif Muna.
  2839 | D:3      | Found Copsunky's Assorted Antiques.
  2890 | D:4      | Noticed an ogre
  2912 | D:4      | Noticed an ogre
  3006 | D:4      | Identified the +11 mace of Unreason {vorpal, rElec rPois
                  | rN+ Str+4 Int-5}
  3218 | D:4      | Killed an ogre
  3219 | D:4      | Reached XP level 6. HP: 52/52 MP: 7/7
  3283 | D:4      | Reached skill level 1 in Maces & Flails
  3461 | D:4      | Found a staircase to the Ecumenical Temple.
  3661 | Temple   | Entered the Ecumenical Temple
  3667 | Temple   | Became a worshipper of Hepliaklqana the Forgotten
  3698 | D:4      | Your scales start taking on a dull iron-grey colour.
  3698 | D:4      | Reached XP level 7. HP: 59/59 MP: 8/8
  3964 | D:4      | Reached skill level 1 in Invocations
  4090 | D:4      | Reached skill level 1 in Throwing
  4146 | D:4      | Noticed a yak
  4157 | D:4      | Killed a yak
  4338 | D:2      | Bought a glowing hat for 182 gold pieces
  4456 | D:5      | Reached XP level 8. HP: 67/67 MP: 9/9
  4507 | D:5      | Found a radiant altar of Vehumet.
  4512 | D:5      | Found a shimmering altar of Xom.
  4675 | D:5      | Reached skill level 1 in Unarmed Combat
  5389 | D:6      | Reached * piety under Hepliaklqana
  5692 | D:6      | Reached skill level 5 in Fighting
  5899 | D:6      | Reached skill level 5 in Maces & Flails
  5899 | D:6      | Reached XP level 9. HP: 66/66 MP: 11/11
  5920 | D:6      | Noticed Prince Ribbit
  5925 | D:6      | Killed Prince Ribbit
  6070 | D:6      | Noticed a troll
  6077 | D:6      | Killed a troll
  6215 | D:6      | Noticed Eustachio
  6239 | D:6      | Killed Eustachio
  7002 | D:7      | Reached skill level 5 in Evocations
  7157 | D:7      | Reached skill level 1 in Shields
  7196 | D:7      | Reached ** piety under Hepliaklqana
  7197 | D:7      | Remembered your ancestor Caesarion as a battlemage
  7597 | D:8      | Found a glowing silver altar of Zin.
  7816 | D:8      | Slain by an orc warrior

Illustrated notes

Levels and vault maps discovered:
D:1:      wander_arrival_fairy_ring, layout_rooms, minmay_surrounded
D:2:      layout_basic, hellmonk_ecumenical_altar_zigzags, serial_shops,
          nicolae_shop_stone
D:3:      layout_basic, mainiacjoe_overflow_alcove_4, gammafunk_ghost_arena,
          serial_shops, shop
D:4:      cheibrodos_barr_body, layout_loops_cross,
          minmay_temple_entry_gardened_gates
D:5:      layout_loops_corners, grunt_temple_overflow_open, minivault_14
D:6:      layout_basic, minmay_fountain_box, minmay_misc_feat_enclosed,
          uniq_eustachio, uniq_prince_ribbit1
D:7:      layout_gridville
D:8:      layout_gridville, lemuel_doored_altar, minivault_19
Temple:   eino_narrow_crystal_temple

Skill      XL: |  1  2  3  4  5  6  7  8  9 |
---------------+----------------------------+-----
Evocations     | 1 2 3 4 5 |  5.1
Dodging        | 2 3 4 |  4.5
Stealth        | 5 6 |  6.9
Axes           | 3 4 |  4.0
Spellcasting   | 1 |  1.2
Maces & Flails | 2 3 5 6 |  6.2
Fighting       | 4 5 |  5.4
Invocations    | 1 3 4 |  4.4
Throwing       | 1 2 3 |  3.6
Unarmed Combat | 2 3 |  3.4
Shields        | 1 |  1.2

Action                   |  1- 3 |  4- 6 |  7- 9 || total
-------------------------+-------+-------+-------++-------
Melee: Hand axe          |   124 |    68 |       ||   192
       Tailslap          |    16 |    12 |    22 ||    50
       Mace              |       |    47 |   213 ||   260
       Punch             |       |       |     1 ||     1
Throw: Boomerang         |       |       |     4 ||     4
Invok: Ancestor Life: Ba |       |       |     1 ||     1
Evoke: Wand              |       |     1 |       ||     1
  Use: Potion            |       |     6 |     1 ||     7
       Scroll            |       |     5 |     2 ||     7
 Stab: Sleeping          |     7 |     6 |    12 ||    25
       Distracted        |       |     1 |     2 ||     3
Armor: Skin              |    43 |    46 |    70 ||   159
Dodge: Dodged            |    89 |    99 |   129 ||   317
Block: Other             |       |       |    25 ||    25
       Kite shield       |       |       |    12 ||    12
       Reflection        |       |       |     1 ||     1

Table legend: (Time is in decaauts)
 A = Elapsed time spent in this place.
 B = Non-inter-level travel time spent in this place.
 C = Inter-level travel time spent in this place.
 D = Time resting spent in this place.
 E = Time spent auto-exploring this place.
 F = Levels seen in this place.
 G = Mean time per level.
                   A        B        C        D        E       F      G
               +--------+--------+--------+--------+--------+-----+--------+
         Total |   7919 |   7326 |    593 |    219 |   5363 |   9 |  879.9 |
       Dungeon |   7884 |   7299 |    585 |    219 |   5363 |   8 |  985.5 |
        Temple |     34 |     26 |      8 |      0 |      0 |   1 |   34.0 |
               +--------+--------+--------+--------+--------+-----+--------+

Top non-repeatable levels by time:
     D:4: 1552 daAuts
     D:3: 1354 daAuts
     D:6: 1222 daAuts
     D:5: 948 daAuts
     D:2: 874 daAuts
     D:7: 789 daAuts
     D:1: 741 daAuts
     D:8: 401 daAuts
  Temple: 34 daAuts
